 Dungeon Crawl Stone Soup version 0.30-a0-908-g5a111fc481 (webtiles) character file.

Game seed: 16487872877514791525

3005 theswoord the Carver (level 9, -7/76 HPs)
             Began as a Gargoyle Berserker on Mar 19, 2023.
             Was a Priest of Trog.
             Mangled by an ogre
             ... wielding a +0 giant spiked club
              (8 damage)
             ... on level 7 of the Dungeon.
             The game lasted 00:13:45 (5302 turns).

theswoord the Carver (Gargoyle Berserker)           Turns: 5302, Time: 00:13:46

Health: -7/76      AC: 23    Str: 28    XL:     9   Next: 84%
Magic:  9/9        EV:  9    Int:  7    God:    Trog [***...]
Gold:   521        SH:  0    Dex: 11    Spells: 8/8 levels left

rFire   . . .      SeeInvis .    y - +0 great sword
rCold   . . .      Faith    .    (shield currently unavailable)
rNeg    + . .      Spirit   .    x - +5 chain mail "Akyeloeng" {Str+2 Dex+2}
rPois   ∞          Reflect  .    (no helmet)
rElec   +          Rampage  .    u - +0 cloak
rCorr   .                        (no gloves)
Will    .....                    g - +1 pair of boots Stlth
                                 i - amulet of regeneration
HPRegen 1.12/turn                (no ring)
MPRegen 0.11/turn                (no ring)

@: berserking, very quick
A: sickness immunity, AC +6, negative energy resistance 1, electricity
resistance, torment resistance 1, petrification resistance
a: Renounce Religion, Berserk, Trog's Hand


You were on level 7 of the Dungeon.
You worshipped Trog.
Trog was most pleased with you.
You visited 1 branch of the dungeon, and saw 7 of its levels.

You collected 521 gold pieces.

Inventory:

Hand Weapons
 a - a +0 falchion
 n - a +1 long sword of draining
 y - a +0 great sword (weapon)
Armour
 b - a +0 animal skin
 c - a +0 plate armour
 g - a +1 pair of boots (worn)
 l - a +0 ring mail
 m - a +0 chain mail
 u - a +0 cloak (worn)
 x - the +5 chain mail "Akyeloeng" (worn) {Str+2 Dex+2}
   (You found it on level 6 of the Dungeon)

   Str:       It affects your strength (+2).
   Dex:       It affects your dexterity (+2).
Jewellery
 i - an amulet of regeneration (around neck)
Wands
 j - a wand of mindburst (17)
 p - a wand of iceblast (10)
 r - a wand of paralysis (7)
 B - a wand of flame (28)
Scrolls
 e - 6 scrolls of immolation
 f - 12 scrolls of identify
 o - a scroll of amnesia
Potions
 d - a potion of brilliance
 h - a potion of flight
 k - 3 potions of curing
 q - a potion of haste
 s - a potion of heal wounds {unknown}
 t - a potion of lignification
 v - a potion of magic
 w - a potion of cancellation {unknown}
 z - a potion of ambrosia {unknown}
 A - a potion of attraction {unknown}
 C - a potion of might


   Skills:
 - Level 3.2 Fighting
 + Level 12.5 Long Blades
 - Level 2.1 Armour
 - Level 1.5 Dodging


You had 8 spell levels left.
You didn't know any spells.
Your spell library was empty.

Dungeon Overview and Level Annotations

Branches:
Dungeon (7/15)             Temple (0/1) D:5

Altars:
Zin

Shops:
D:1 ?   D:4 *?!   D:5 :=*(


Innate Abilities, Weirdness & Mutations

You are immune to sickness and miasma.
Your stone body is resilient. (AC +6)
You are immune to poison.
You resist negative energy. (rN+)
You are resistant to electric shocks. (rElec)
You are resistant to unholy torment.
You are immune to petrification.


Message History

Found 2 scrolls of noise.
A wight comes into view. It is wielding a +5 scimitar.
A wight is nearby!
A wight is nearby!
An ogre comes into view. It is wielding a +0 giant spiked club.
Found a scroll of noise. 2 wights come into view.
An iguana and a wight come into view.
The wight is wielding a +2 scimitar of freezing.
The iguana hisses angrily.
The wight barely misses you. x2
You closely miss the wight. The wight hits you with a +5 scimitar.
The wight barely misses you.
The ogre hits you with a +0 giant spiked club!
A red film seems to cover your vision as you go berserk!
You feel yourself moving faster!
You feel mighty! The wight hits you with a +5 scimitar!
The wight hits you with a +4 war axe!
* * * LOW HITPOINT WARNING * * *
The wight barely misses you.
The ogre hits you with a +0 giant spiked club!
* * * LOW HITPOINT WARNING * * *
You closely miss the wight. The wight hits you but does no damage.
The wight hits you with a +5 scimitar!
* * * LOW HITPOINT WARNING * * *
The wight hits you from afar with a +2 trident.
* * * LOW HITPOINT WARNING * * *
Unknown command.
You closely miss the wight. The wight hits you but does no damage.
The ogre hits you with a +0 giant spiked club!
* * * LOW HITPOINT WARNING * * *
The wight hits you but does no damage. x2
You slice the wight!!
You destroy the wight!
Trog accepts your kill.
Unknown command.
You slash the ogre! The wight hits you but does no damage.
The wight hits you from afar with a +2 trident!
* * * LOW HITPOINT WARNING * * *
The ogre hits you with a +0 giant spiked club!
You die...

####### .......
...?..)####
.....zO@..####
.....zz##.?..####
......l ##......##
....... #........
..##### #...##### #
#...#
...####.############
.!........##...#...##
..........#.........#


You could see an ogre, an iguana and 3 wights.

Vanquished Creatures
  The ghost of theswoord the Cruncher, a novice GrGl of Wu Jian (D:5)
  Eustachio (D:4)
  2 water moccasins (D:5)
  An orc warrior (D:7)
  An ice beast (D:6)
  A black bear (D:6)
  An ogre (D:5)
  A centaur (D:5)
  The ghost of shadizar the Trooper, an amateur GrFi (D:3)
  4 phantoms
  A bullfrog (D:6)
  Blork the orc (D:4)
  A gnoll sergeant (D:6)
  4 scorpions
  7 wights
  4 hounds
  4 orc priests
  2 iguanas
  2 sleepcaps
  Jessica (D:3)
  6 orc wizards
  11 adders
  3 gnolls (D:6)
  2 shadow imps
  A white imp (D:7)
  A worm (D:2)
  A dart slug (D:1)
  16 orcs
  12 endoplasms
  2 giant cockroaches
  11 goblins
  5 hobgoblins
  9 quokkas
  2 ball pythons
  4 bats
  2 kobolds
  11 rats
140 creatures vanquished.

Notes
Turn   | Place    | Note
-------+----------+-------------------------------------------
     0 | D:1      | theswoord the Gargoyle Berserker began the quest for the
                  | Orb.
     0 | D:1      | Reached XP level 1. HP: 14/14 MP: 1/1
    71 | D:1      | Reached skill level 3 in Long Blades
    74 | D:1      | Reached XP level 2. HP: 17/19 MP: 2/2
   533 | D:1      | Reached XP level 3. HP: 15/23 MP: 3/3
   706 | D:1      | Found The Oracle's Delphic Readings.
   974 | D:1      | Reached skill level 4 in Long Blades
  1327 | D:2      | Reached ** piety under Trog
  1377 | D:2      | Reached XP level 4. HP: 28/28 MP: 4/4
  2020 | D:3      | Found a large runed translucent door.
  2020 | D:3      | Found a large runed translucent door.
  2022 | D:3      | Noticed shadizar's ghost (amateur GrFi)
  2298 | D:3      | Noticed Jessica
  2317 | D:3      | Killed Jessica
  2525 | D:3      | Killed shadizar's ghost
  2526 | D:3      | Reached skill level 5 in Long Blades
  2526 | D:3      | Reached XP level 5. HP: 32/32 MP: 5/5
  2561 | D:4      | Found Geemn's Distillery.
  2601 | D:4      | Reached skill level 6 in Long Blades
  2601 | D:4      | Reached XP level 6. HP: 36/37 MP: 6/6
  2632 | D:4      | Noticed Eustachio
  2678 | D:4      | Killed Eustachio
  2756 | D:4      | Found Dytuan's Magic Scroll Shoppe.
  2837 | D:4      | Noticed Blork the orc
  2849 | D:4      | Killed Blork the orc
  2850 | D:4      | Reached skill level 7 in Long Blades
  2850 | D:4      | Reached XP level 7. HP: 41/41 MP: 7/7
  3121 | D:4      | Found Oroat's General Store.
  3193 | D:4      | Found a glowing silver altar of Zin.
  3407 | D:5      | Entered Level 5 of the Dungeon
  3416 | D:5      | Reached skill level 8 in Long Blades
  3556 | D:5      | Found Soin's Assorted Antiques.
  3607 | D:5      | Reached XP level 8. HP: 46/46 MP: 8/8
  3654 | D:5      | Found Saes's Antique Weapon Shoppe.
  3718 | D:5      | Reached skill level 9 in Long Blades
  3788 | D:5      | Found a runed translucent door.
  3788 | D:5      | Noticed theswoord's ghost (novice GrGl)
  3867 | D:5      | Found a staircase to the Ecumenical Temple.
  3897 | D:5      | Found Pamoxtof's Book Shoppe.
  3993 | D:5      | Found Zoptyat's Jewellery Boutique.
  4149 | D:5      | Killed theswoord's ghost
  4150 | D:5      | Reached skill level 10 in Long Blades
  4210 | D:6      | Reached XP level 9. HP: 49/51 MP: 9/9
  4298 | D:6      | Reached *** piety under Trog
  4301 | D:6      | Reached skill level 11 in Long Blades
  4435 | D:6      | Identified the +5 chain mail "Akyeloeng" {Str+2 Dex+2}
  5123 | D:7      | Reached skill level 12 in Long Blades
  5302 | D:7      | HP: 1/76 [wight/+2 trident (9)]
  5302 | D:7      | Mangled by an ogre

Skill      XL: |  1  2  3  4  5  6  7  8  9 |
---------------+----------------------------+-----
Long Blades    | 3 4 5 6 7 8 10 12 | 12.5
Fighting       | |  3.2
Armour         | |  2.1
Dodging        | |  1.5

Action                     |  1- 3 |  4- 6 |  7- 9 || total
---------------------------+-------+-------+-------++-------
  Melee: Falchion          |   158 |   158 |       ||   316
         Punch             |     3 |     1 |     5 ||     9
         Long sword        |       |       |   331 ||   331
         Great sword       |       |       |    74 ||    74
 Invoke: Berserk           |     1 |     3 |     7 ||    11
         Trog's Hand       |       |       |     3 ||     3
  Evoke: Wand              |       |       |     1 ||     1
    Use: Scroll            |       |    12 |     4 ||    16
         Potion            |       |     6 |       ||     6
   Stab: Sleeping          |     1 |       |       ||     1
 Armour: Animal skin       |    56 |       |       ||    56
         Ring mail         |     6 |       |       ||     6
         Chain mail        |       |    19 |   129 ||   148
         Plate armour      |       |   147 |   191 ||   338
         Skin              |       |    14 |       ||    14
  Dodge: Dodged            |    77 |    77 |   139 ||   293

Levels and vault maps discovered:
D:1:      matt_arrival_grand_opening, layout_basic,
          kennysheep_decorative_pillar, st_stairs_5, nicolae_nh_oracle_at_delphi
D:2:      wad_river_or_something, layout_rooms
D:3:      layout_basic, ebering_ghost_disaster_area, kennysheep_jessica_study
D:4:      layout_basic, old_standard_altar, serial_shops, shop,
          nicolae_diamond_shop, kennysheep_little_box, minmay_misc_feat_plants,
          minivault_5, uniq_blork_the_orc, uniq_eustachio
D:5:      layout_basic, minmay_temple_entry_hall, ebering_ghost_inner_flame,
          serial_shops, shop, shop_coins, nicolae_diamond_shop,
          nicolae_lakefront_shop, minmay_misc_feat_more_columns
D:6:      layout_loops_ring, grunt_decor_fettered
D:7:      layout_rooms
